 Dungeon Crawl Stone Soup version 0.20-a0-1116-gaa52201 (webtiles) character file.

46 Avack the Changer (level 3, 0/26 HPs)
             Began as a Merfolk Transmuter on May 8, 2017.
             Slain by an adder (2 damage)
             ... on level 2 of the Dungeon.
             The game lasted 00:03:49 (1353 turns).

Avack the Changer (Merfolk Transmuter)              Turns: 1353, Time: 00:03:49

Health: 0/26       AC:  2    Str: 15    XL:     3   Next: 68%
Magic:  3/6        EV: 18    Int: 18    God:
Gold:   44         SH:  0    Dex: 19    Spells: 3/6 levels left

rFire    . . .     SeeInvis .     - Unarmed
rCold    . . .     Gourm    .   (no shield)
rNeg     . . .     Faith    .   b - +0 robe
rPois    .         Spirit   .   (no helmet)
rElec    .         Reflect  .   (no cloak)
rCorr    .         Harm     .   (no gloves)
MR       +....                  (no boots)
Stlth    +++.......             (no amulet)
Regen    0.1/turn               g - ring of protection from magic
MPRegen  0.1/turn               (no ring)

@: mighty, brilliant, agile, lethally poisoned (0 -> -3), hasted, very quick
A: change form in water, swift swim, stealthy swim
a: no special abilities


You were on level 2 of the Dungeon.
You were not hungry.

You visited 1 branch of the dungeon, and saw 2 of its levels.

You collected 44 gold pieces.

Inventory:

Missiles
 a - 9 arrows
 e - 50 stones (quivered)
Armour
 b - a +0 robe (worn)
 j - a +0 leather armour
 q - a +2 buckler
Jewellery
 g - a ring of protection from magic (left hand)
 l - an uncursed amulet of guardian spirit
Scrolls
 f - a scroll of identify {unknown}
 i - a scroll of recharging {unknown}
 k - 3 scrolls of enchant armour {unknown}
Potions
 p - a potion of brilliance
Books
 c - a book of Changes

   Spells                             Type                      Level
   a - Beastly Appendage              Transmutation                1
   b - Sticks to Snakes               Transmutation                2
   c - Spider Form                    Transmutation/Poison         3
   d - Ice Form                       Ice/Transmutation            4
   e - Blade Hands                    Transmutation                5
Comestibles
 d - 2 bread rations
 n - 2 chunks of flesh
 o - a meat ration


   Skills:
 - Level 1.1 Fighting
 - Level 2.6 Dodging
 - Level 3.2 Unarmed Combat
 - Level 2.0 Spellcasting
 + Level 5.2 Transmutations


You had 3 spell levels left.
You knew the following spells:

 Your Spells              Type           Power        Failure   Level  Hunger
a - Beastly Appendage     Tmut           ####..       1%          1    #......
b - Sticks to Snakes      Tmut           ####....     1%          2    ###....


Dungeon Overview and Level Annotations

Branches:
Dungeon (2/15)

Altars:
Zin


Message History

* * * LOW HITPOINT WARNING * * *
You feel sick.
Your adder misses the adder.
Found 3 scrolls labeled ABBAHU KAMUI.
You see here a bubbling grey potion.
h - a bubbling grey potion
* * * LOW HITPOINT WARNING * * *
You feel sick.
It was a potion of agility.
You feel agile all of a sudden.
Your horns disappear.
The adder completely misses you.
Okay, then.
Okay, then.
Your adder misses the adder.
* * * LOW HITPOINT WARNING * * *
You feel sick.
* * * LOW HITPOINT WARNING * * *
You feel sick.
Your adder withers and dies!
The adder bites you.
You die...

#.........
#.........
##.........
#..?.......
#..........
#########..........
#.....#?...S.......
#.....#.#........†.
#.@.....#..........
#..S..###..........
#.....# #........##
#.....# #%.>.....##
#.....# #####.#.###
####### #(.. # ..
.. ### #


You could see an adder.

Vanquished Creatures
  2 adders (D:2)
  A dart slug (D:1)
  A giant cockroach (D:1)
  A goblin (D:1)
  3 hobgoblins (D:1)
  2 jackals (D:2)
  5 kobolds (D:1)
  5 bats (D:1)
  4 frilled lizards
  4 rats (D:1)
28 creatures vanquished.

Vanquished Creatures (collateral kills)
  A jackal (D:2)
  A quokka (D:2)
  A bat (D:2)
3 creatures vanquished.

Vanquished Creatures (others)
  A rat (D:2)
1 creature vanquished.

Grand Total: 32 creatures vanquished

Notes
Turn   | Place    | Note
-------+----------+-------------------------------------------
     0 | D:1      | Avack the Merfolk Transmuter began the quest for the Orb.
     0 | D:1      | Reached XP level 1. HP: 15/15 MP: 3/3
   100 | D:1      | Reached skill level 3 in Transmutations
   283 | D:1      | Reached XP level 2. HP: 21/21 MP: 3/5
   290 | D:1      | Learned a level 2 spell: Sticks to Snakes
   499 | D:1      | Reached skill level 4 in Transmutations
  1066 | D:1      | Reached XP level 3. HP: 23/26 MP: 6/6
  1127 | D:2      | Reached skill level 5 in Transmutations
  1293 | D:2      | Found a glowing silver altar of Zin.
  1353 | D:2      | Slain by an adder

Vault maps used:
D:1:      lightli_arrival_statue_moat, st_stairs_10
D:2:      fiery_altar_vehumet, nicolae_overflow_hidden_temple

Skill      XL: |  1  2  3 |
---------------+----------+-----
Transmutations | 3 4 5 |  5.2
Fighting       | |  1.1
Dodging        | |  2.6
Unarmed Combat | |  3.2
Spellcasting   | |  2.0

Action                   || total
-------------------------++-------
Melee: Unarmed           ||    82
       Headbutt          ||     4
       Punch             ||     2
Throw: Stone             ||    10
 Cast: Beastly Appendage ||    14
       Sticks to Snakes  ||     3
  Use: Potion            ||     4
  Eat: Chunk             ||     2
Armor: Robe              ||    18
Dodge: Dodged            ||    76
